 Dungeon Crawl Stone Soup version 0.30-a0-634-g8abc85282e (webtiles) character file.

Game seed: 312124443964583853

6 wormed the Cudgeller (level 1, -3/11 HPs)
             Began as a Vine Stalker Berserker on Jan 14, 2023.
             Was a Follower of Trog.
             Slain by a gnoll
             ... wielding a +0 spear
              (6 damage)
             ... on level 1 of the Dungeon.
             The game lasted 00:00:27 (202 turns).

wormed the Cudgeller (Vine Stalker Berserker)        Turns: 202, Time: 00:00:27

Health: -3/11      AC:  2    Str: 19    XL:     1   Next: 90%
Magic:  0/2        EV: 12    Int:  7    God:    Trog [*.....]
Gold:   22         SH:  0    Dex: 13    Spells: 0/0 levels left

rFire   . . .      SeeInvis .    c - +0 whip
rCold   . . .      Faith    .    (no shield)
rNeg    . . .      Spirit   +    b - +0 animal skin
rPois   .          Reflect  .    (no helmet)
rElec   .          Harm     .    (no cloak)
rCorr   .          Rampage  .    (no gloves)
Will    .....                    (no boots)
Stlth   +                        (no amulet)
HPRegen 0.21/turn                (no ring)
MPRegen 0.08/turn                (no ring)

@: no status effects
A: fangs 2, magic shield, antimagic bite, no potion heal 2
a: Renounce Religion, Berserk


You were on level 1 of the Dungeon.
You worshipped Trog.
Trog was aware of your devotion.
You visited 1 branch of the dungeon, and saw 1 of its levels.

You collected 22 gold pieces.

Inventory:

Hand Weapons
 a - a +0 mace
 c - a +0 whip (weapon)
Armour
 b - a +0 animal skin (worn)


   Skills:
 + Level 2.7 Fighting
 * Level 2.8 Maces & Flails
 + Level 1.6 Armour
 + Level 1.6 Dodging
 + Level 0.1 Shields


You couldn't memorise any spells.
You didn't know any spells.
Your spell library was empty.

Dungeon Overview and Level Annotations

Branches:
Dungeon (1/15)

Altars:


Innate Abilities, Weirdness & Mutations

You have extremely sharp teeth.
When hurt, damage is shared between your health and your magic reserves.
Your bite disrupts and absorbs the magic of your enemies.
Potions cannot restore your health.


Message History

You barely miss the kobold.
The kobold hits you with a +0 short sword.
You hit the kobold.
You kill the kobold!
Trog accepts your kill. The bat barely misses you. The bat hits you.
Things that are here:
a +0 short sword; 3 stones You barely miss the bat.
Your bite misses the bat. The bat barely misses you. The bat hits you.
The bat closely misses you. The bat completely misses you.
You hit the bat.
You kill the bat!
Trog accepts your kill.
You see here a bat corpse.
You see here a bat corpse.
You open the door.
There is an open door here.
You open the door.
There is an open door here.
A gnoll comes into view. It is wielding a +0 spear.
The gnoll shouts!
A gnoll is nearby!
Found a stone staircase leading down.
The gnoll hits you from afar with a +0 spear.
A hobgoblin comes into view.
The gnoll hits you with a +0 spear.
You are too injured to fight recklessly!
You are too injured to fight recklessly!
You are too injured to fight recklessly!
You barely miss the gnoll. The gnoll hits you with a +0 spear.
* * * LOW HITPOINT WARNING * * *
You fail to use your ability.
The gnoll hits you but does no damage.
The hobgoblin shouts!
You hit the gnoll. You bite the gnoll, but do no damage.
The gnoll is moderately wounded.
The gnoll hits you with a +0 spear!
Ouch! That really hurt!
You die...

###.### #.....###
#..##.##..##
#.####'####.#####
................#
######'######...# ..
.....†..).......####..##
#.####+####.#...........
#..##.##..##...@####
#.....###.?...g.g.>..
###.### ##########.##
##.# #..# #.## #..#
##.############
#...##.......#


You could see a gnoll and a hobgoblin.

Vanquished Creatures
  A ball python (D:1)
  A hobgoblin (D:1)
  A bat (D:1)
  A frilled lizard (D:1)
  2 kobolds (D:1)
  A rat (D:1)
7 creatures vanquished.

Notes
Turn   | Place    | Note
-------+----------+-------------------------------------------
     0 | D:1      | wormed the Vine Stalker Berserker began the quest for the
                  | Orb.
     0 | D:1      | Reached XP level 1. HP: 11/11 MP: 2/2
   202 | D:1      | Slain by a gnoll

Illustrated notes

Levels and vault maps discovered:
D:1:      psy_arrival_conway, layout_basic, interstate_on_off

Action                   || total
-------------------------++-------
Melee: Mace              ||    10
       Whip              ||     7
       Bite              ||     3
Armor: Animal skin       ||     2
Dodge: Dodged            ||    10

Table legend: (Time is in decaauts)
 A = Elapsed time spent in this place.
 B = Non-inter-level travel time spent in this place.
 C = Inter-level travel time spent in this place.
 D = Time resting spent in this place.
 E = Time spent auto-exploring this place.
 F = Levels seen in this place.
 G = Mean time per level.
                   A        B        C        D        E       F      G
               +--------+--------+--------+--------+--------+-----+--------+
         Total |    205 |    205 |      0 |      0 |    159 |   1 |  205.0 |
       Dungeon |    205 |    205 |      0 |      0 |    159 |   1 |  205.0 |
               +--------+--------+--------+--------+--------+-----+--------+

Top non-repeatable levels by time:
     D:1: 205 daAuts
